 Dungeon Crawl Stone Soup version 0.24-a0-278-gefa1973 (webtiles) character file.

Game seed: 5055144241264293404

651 MisterFreud the Slasher (level 7, 0/46 HPs)
             Began as an Octopode Fighter on Apr 30, 2019.
             Shot with an arrow by a centaur (17 damage)
             ... on level 5 of the Dungeon.
             The game lasted 00:05:15 (3458 turns).

MisterFreud the Slasher (Octopode Fighter)          Turns: 3458, Time: 00:05:15

Health: 0/46       AC:  1    Str: 15    XL:     7   Next: 53%
Magic:  7/7        EV: 13    Int: 12    God:
Gold:   188        SH:  8    Dex: 12    Spells: 6/6 levels left

rFire    . . .     SeeInvis .   a - +0 long sword
rCold    . . .     Gourm    .   b - +0 shield
rNeg     . . .     Faith    .   (helmet restricted)
rPois    .         Spirit   .   (no amulet)
rElec    .         Reflect  .   (no ring)
rCorr    .         Harm     .   (no ring)
MR       .....                  (no ring)
Stlth    ++........             (no ring)
HPRegen  0.15/turn              (no ring)
MPRegen  0.10/turn              (no ring)
                                (no ring)
                                (no ring)

@: marked
A: almost no armour, stealthy swim, amphibious, 8 rings, constrict 8, camouflage
1, gelatinous body 1
a: no special abilities


You were on level 5 of the Dungeon.
You were not hungry.

You visited 2 branches of the dungeon, and saw 6 of its levels.

You collected 188 gold pieces.

Inventory:

Hand Weapons
 a - a +0 long sword (weapon)
Missiles
 f - 38 sling bullets
 g - 202 stones (quivered)
 j - 6 javelins of penetration
 n - 17 poisoned needles
 o - 4 tomahawks
Armour
 b - a +0 shield (worn)
Jewellery
 r - an uncursed ring of stealth
Wands
 p - a wand of paralysis (6)
 s - a wand of acid (9)
Scrolls
 c - a scroll of identify
 e - 5 scrolls of remove curse
Potions
 h - 3 potions of agility
 i - a potion of resistance
 k - a potion of curing
 l - a potion of flight
 q - a potion of lignification
Comestibles
 d - 4 rations
 m - 6 chunks of flesh


   Skills:
 - Level 3.0 Fighting
 - Level 6.2 Long Blades
 - Level 6.1 Dodging
 + Level 3.0 Shields


You had 6 spell levels left.
You didn't know any spells.
Your spell library contained the following spells:

 Spells                   Type           Power        Failure   Level  Hunger
 Animate Skeleton         Necr           N/A          83%         1    ##.....
 Apportation              Tloc           #.....       83%         1    ##.....
 Confusing Touch          Hex            #.....       83%         1    ##.....
 Summon Small Mammal      Summ           #...         83%         1    ##.....


Dungeon Overview and Level Annotations

Branches:
Dungeon (5/15)             Temple (1/1) D:4

Altars:
Ashenzari
Dithmenos
Elyvilon
Gozag
Hepliaklqana
Nemelex Xobeh
Okawaru
Qazlal
Ru
Sif Muna
Uskayaw
Wu Jian
Zin
The Shining One


Innate Abilities, Weirdness & Mutations

You cannot wear most types of armour.
You are very stealthy in the water. (Stealth+)
You are amphibious.
You can wear up to eight rings at the same time.
You can use your tentacles to constrict eight enemies at once.
Your skin changes colour to match your surroundings (Stealth+).
Your rubbery body absorbs attacks. (AC +1, EV +1)


Message History

t - a scroll labeled MASHRU EJUECSAPOT
As you read the scroll labeled MASHRU EJUECSAPOT, it crumbles to dust.
The air around you briefly surges with heat, but it dissipates.
It was a scroll of immolation.
HP restored.
You set off the alarm!
A sentinel's mark forms upon you.
Found a stone staircase leading up.
A centaur comes into view.
Found 18 gold pieces.
The centaur wields a +0 shortbow.
The centaur shoots an arrow.
The arrow hits you!
You see here an arrow.
The centaur shoots an arrow.
The arrow hits you!
You see here an arrow.
The centaur shoots an arrow.
The arrow hits you.
The centaur shoots an arrow.
You block the arrow.
You see here an arrow.
The centaur shoots an arrow.
The arrow hits you!
You die...

# .# .. ##.# #####...#.#
#.(........ ###.#@<$.....
##..(....###.# ###.?((#####
##.....## #.....## #.#..##
#### ####.c.## ###...
.c...>#.########### #...#
..................####...#####


You could see a centaur.

Vanquished Creatures
  An ice beast (D:3)
  An ogre (D:5)
  A howler monkey (D:4)
  A crimson imp (D:5)
  A hound (D:5)
  A quasit (D:5)
  2 orc priests (D:3)
  2 orc wizards (D:3)
  Jessica (D:2)
  Terence (D:2)
  A worker ant (D:5)
  A worker ant zombie (D:5)
  3 adders
  3 gnolls (D:5)
  5 leopard geckos
  10 orcs (D:3)
  6 bats
  3 giant cockroaches
  8 goblins
  3 hobgoblins
  13 jackals
  3 frilled lizards
  5 kobolds
  8 rats
84 creatures vanquished.

Notes
Turn   | Place    | Note
-------+----------+-------------------------------------------
     0 | D:1      | MisterFreud the Octopode Fighter began the quest for the
                  | Orb.
     0 | D:1      | Reached XP level 1. HP: 16/16 MP: 1/1
   151 | D:1      | Reached XP level 2. HP: 10/21 MP: 2/2
   612 | D:2      | Reached XP level 3. HP: 23/26 MP: 3/3
   837 | D:2      | Noticed Terence
   842 | D:2      | Killed Terence
   842 | D:2      | Reached XP level 4. HP: 18/31 MP: 4/4
   995 | D:2      | Noticed Jessica
  1000 | D:2      | Killed Jessica
  1281 | D:3      | Reached skill level 5 in Long Blades
  1281 | D:3      | Reached XP level 5. HP: 25/36 MP: 5/5
  1488 | D:3      | Noticed an ice beast
  1501 | D:3      | Killed an ice beast
  1501 | D:3      | Reached XP level 6. HP: 9/42 MP: 6/6
  2449 | D:4      | Found a staircase to the Ecumenical Temple.
  2458 | Temple   | Entered the Ecumenical Temple
  2996 | D:4      | You fall through a shaft!
  2996 | D:5      | Entered Level 5 of the Dungeon
  3005 | D:5      | Reached XP level 7. HP: 27/46 MP: 7/7
  3169 | D:5      | Reached skill level 5 in Dodging
  3458 | D:5      | Shot with an arrow by a centaur

Levels and vault maps discovered:
D:1:      ncdulo_halloftheorcs, layout_rooms
D:2:      layout_loops_ring, hex_medium, uniq_jessica, uniq_terence
D:3:      layout_loops_cross
D:4:      layout_layer_cave, temple_doors_e, serial_shops, shop_statue,
          minmay_misc_feat_nine_boxes, kennysheep_crisscross
D:5:      layout_rooms, first_ration
Temple:   minmay_temple_curvy_branch

Skill      XL: |  1  2  3  4  5  6  7 |
---------------+----------------------+-----
Long Blades    | 3 4 5 6 |  6.2
Dodging        | 4 6 |  6.1
Fighting       | |  3.0
Shields        | |  3.0

Action                   |  1- 3 |  4- 6 |  7- 9 || total
-------------------------+-------+-------+-------++-------
Melee: Long sword        |    38 |   112 |    23 ||   173
       Constrict         |    12 |    29 |     7 ||    48
       Tentacles         |     8 |    20 |     5 ||    33
  Use: Scroll            |     3 |     5 |     2 ||    10
       Potion            |       |       |     1 ||     1
 Stab: Sleeping          |     3 |     2 |       ||     5
  Eat: Chunk             |       |     7 |     1 ||     8
Armor: Skin              |     4 |     8 |       ||    12
Dodge: Dodged            |    20 |    50 |     8 ||    78
Block: Shield            |    19 |    39 |    10 ||    68
       Rpst.: Long sword |     6 |    10 |     3 ||    19

Table legend:
 A = Non-vault XP
 B = Vault XP
 C = Vault XP percentage of total XP
 D = Non-vault monster count
 E = Vault monster count
 F = Vault count percentage of total count
                 A         B        C        D         E       F
            +---------+---------+-------+---------+---------+-------
      Total |     858 |      73 |   7.8 |      82 |       2 |   2.4
            +---------+---------+-------+---------+---------+-------
        D:1 |      24 |       0 |   0.0 |      14 |       0 |   0.0
        D:2 |      34 |      73 |  68.2 |      14 |       2 |  12.5
        D:3 |     363 |       0 |   0.0 |      37 |       0 |   0.0
        D:4 |      90 |       0 |   0.0 |       6 |       0 |   0.0
        D:5 |     347 |       0 |   0.0 |      11 |       0 |   0.0
            +---------+---------+-------+---------+---------+-------
